 Dungeon Crawl Stone Soup version 0.32-a0-131-g9dbbe29261 (webtiles) character file.

Game seed: 12872521728149583543

133435 pazhot the Executioner (level 17, -31/163 HPs)
             Began as a Hill Orc Fighter on Feb 7, 2024.
             Was the Champion of Beogh.
             Killed from afar by a deep elf annihilator (42 damage)
             ... with an iron shot
             ... on level 3 of the Elven Halls on Feb 9, 2024.
             The game lasted 01:29:06 (39022 turns).

pazhot the Executioner (Hill Orc Fighter)          Turns: 39022, Time: 01:29:07

Health: -31/163    AC: 25    Str: 26    XL:     17   Next: 14%
Magic:  9/17       EV: 25    Int:  7    God:    Beogh [******]
Gold:   2395       SH:  0    Dex: 14    Spells: 16/16 levels left

rFire   . . .        x - +6 broad axe
rCold   . . .        B - orb {*channel}
rNeg    . . .        D - quicksilver dragon scales
rPois   .            q - +2 helmet
rElec   .            i - +0 cloak
rCorr   .            e - +3 Mad Mage's Maulers {Infuse+∞ VampMP -Cast}
SInv    +            E - +1 pair of boots
Will    ++...        p - amulet of magic regeneration
Stlth   +            r - +5 ring of evasion
HPRegen 0.47/turn    t - +5 ring of evasion
MPRegen 0.55/turn

%: no spellcasting, channel magic (20%), infuse magic (9 MP)
@: mighty, on fire, glowing
A: walk on water, see invisible, agile 1, wild magic 1
a: Renounce Religion, Smiting, Recall Orcish Followers, Give Item to Named
Follower, Resurrection


You were on level 3 of the Elven Halls.
You worshipped Beogh.
Beogh was exalted by your worship.
You visited 6 branches of the dungeon, and saw 27 of its levels.
You also visited: Sewer and Bailey.

You collected 2395 gold pieces.

Inventory:

Hand Weapons
 a - a +3 war axe
 x - a +6 broad axe (weapon)
 F - a +3 hand axe of electrocution
 L - the +9 lance "Wyrmbane" {slay drac, rPois rF+ rC+ AC+3}
   (You took it off Maggie on level 8 of the Dungeon)

   AC+3:      It affects your AC (+3).
   rF+:       It protects you from fire.
   rC+:       It protects you from cold.
   rPois:     It protects you from poison
Missiles
 g - 47 poisoned darts (quivered)
 Y - 15 boomerangs
Armour
 c - a +2 buckler
 e - the +3 Mad Mage's Maulers (worn) {Infuse+∞ VampMP -Cast}
   (You acquired it on level 3 of the Dungeon)

   Infuse+∞: It empowers its wearer's blows with all of their magic.
   VampMP:    Blows struck in melee replenish the wearer's magic.
   -Cast:     It prevents spellcasting.
 i - a +0 cloak (worn)
 q - a +2 helmet (worn)
 B - an orb of energy (worn)
 D - quicksilver dragon scales (worn)
 E - a +1 pair of boots (worn)
 Q - a +1 hat
Jewellery
 n - a +6 ring of dexterity
 p - an amulet of magic regeneration (around neck)
 r - a +5 ring of evasion (left hand)
 s - an amulet of reflection
 t - a +5 ring of evasion (right hand)
 U - the amulet "Gama" {Reflect rN+ Dex+3 SH+5}
   (You found it on level 2 of the Lair of Beasts)

   [amulet of reflection]

   Reflect:   It reflects blocked missile attacks.
   Dex+3:     It affects your dexterity (+3).
   rN+:       It protects you from negative energy.
   SH+5:      It affects your SH (+5).
 Z - a ring of willpower
Talismans
 y - a storm talisman
Wands
 o - a wand of quicksilver (12)
 u - a wand of digging (5)
 K - a wand of iceblast (23)
 M - a wand of paralysis (8)
 S - a wand of flame (28)
 T - a wand of polymorph (7)
Scrolls
 j - 4 scrolls of noise
 k - 4 scrolls of fear
 l - 5 scrolls of amnesia
 C - 4 scrolls of fog
 P - a scroll of immolation
 V - 3 scrolls of vulnerability
 W - 11 scrolls of identify
 X - 3 scrolls of revelation
Potions
 b - 2 potions of haste
 d - 3 potions of might
 f - 13 potions of curing
 v - a potion of cancellation {unknown}
 w - a potion of lignification
 z - 2 potions of brilliance
 A - 6 potions of mutation
 G - 2 potions of magic
 I - a potion of resistance
 J - 13 potions of degeneration
 O - 2 potions of berserk rage
 R - 5 potions of enlightenment
Miscellaneous
 H - a lightning rod (4/4)
 N - a box of beasts


   Skills:
 + Level 17.6 Fighting
 + Level 24.0 Axes
 + Level 4.8 Throwing
 + Level 10.9 Armour
 + Level 8.5 Dodging
 + Level 6.0 Stealth
 + Level 12.2 Shields
 + Level 0.8 Evocations


You had 16 spell levels left.
You didn't know any spells.
Your spell library contained the following spells:

 Spells                   Type           Power      Damage    Failure   Level
 Freeze                   Ice            0%         1d3       82%         1
 Magic Dart               Conj           0%         1d3       82%         1
 Slow                     Hex            0%         N/A       82%         1
 Sting                    Conj/Alch      0%         1d3       82%         1
 Blink                    Tloc           0%         N/A       89%         2
 Ensorcelled Hibernation  Hex/Ice        0%         N/A       89%         2
 Lesser Beckoning         Tloc           0%         N/A       89%         2
 Mercury Vapours          Alch/Air       0%         N/A       89%         2
 Momentum Strike          Conj/Tloc      0%         3d8       89%         2
 Searing Ray              Conj           0%         2d4       89%         2
 Confusing Touch          Hex            0%         N/A       98%         3
 Frozen Ramparts          Ice            0%         1d1       98%         3
 Fugue of the Fallen      Necr           0%         N/A       98%         3
 Hailstorm                Conj/Ice       0%         3d5       98%         3
 Mephitic Cloud           Conj/Alch/Air  0%         N/A       98%         3
 Ozocubu's Armour         Ice            0%         N/A       98%         3
 Sigil of Binding         Hex            0%         N/A       98%         3
 Vampiric Draining        Necr           0%         2d6       98%         3
 Anguish                  Hex/Necr       0%         N/A       100%        4
 Cause Fear               Hex            0%         N/A       100%        4
 Fulminant Prism          Conj/Alch      0%         3d5       100%        4
 Manifold Assault         Tloc           0%         N/A       100%        4
 Olgreb's Toxic Radiance  Alch           0%         N/A       100%        4
 Fireball                 Conj/Fire      0%         3d3       100%        5
 Freezing Cloud           Conj/Ice/Air   0%         6-21      100%        5
 Ozocubu's Refrigeration  Ice            0%         4d7       100%        7
 Discord                  Hex            0%         N/A       100%        8
 Dragon's Call            Summ           0%         N/A       100%        9


Dungeon Overview and Level Annotations

Branches:
Dungeon (15/15)            Temple (1/1) D:4            Lair (5/5) D:10
  Swamp (1/4) Lair:3       Spider (0/4) Lair:2        Slime (0/5) Lair:5
    Orc (2/2) D:10            Elf (3/3) Orc:2        Vaults (0/5) D:14
 Depths (0/4) D:15          Sewer (visited)          Bailey (visited)

Altars:
Ashenzari
Cheibriados
Dithmenos
Elyvilon
Fedhas
Gozag
Hepliaklqana
Kikubaaqudgha
Makhleb
Nemelex Xobeh
Okawaru
Qazlal
Ru
Sif Muna
Trog
Uskayaw
Vehumet
Wu Jian
Xom
Yredelemnul
Zin
The Shining One
Beogh

Shops:
D:13 *   D:14 (   Orc:2 [(=*   Elf:2 !

Annotations:
D:14 Roxanne
Elf:1 20 runed translucent doors
Elf:2 3 runed translucent doors


Innate Abilities, Weirdness & Mutations

You can walk on water.
You have supernaturally acute eyesight. (SInv)
You are agile. (Dex +4, Str/Int -1)
Your spells are a little harder to cast, but a little more powerful.


Message History

The deep elf death mage barely misses you.
A deep elf sorcerer comes into view.
It is wielding a +1 lajatang of electrocution.
You completely miss the deep elf sorcerer.
You closely miss the deep elf death mage.
You closely miss the deep elf demonologist.
The liquid fire burns you!
* * * LOW HITPOINT WARNING * * *
You feel sick.
As you read the scroll of fear, it crumbles to dust.
You assume a fearsome visage.
The deep elf sorcerer resists with almost no effort. x2
The deep elf death mage resists with almost no effort.
The deep elf sorcerer resists with almost no effort.
The deep elf demonologist resists with some effort.
The deep elf zephyrmancer looks frightened!
The liquid fire burns you!
* * * LOW HITPOINT WARNING * * *
You feel sick.
The deep elf sorcerer points at you and mumbles some strange words.
You resist with almost no effort.
The deep elf zephyrmancer gestures wildly while chanting.
The deep elf zephyrmancer blinks!
The deep elf demonologist mumbles some strange words.
The deep elf sorcerer wildly gestures.
The deep elf sorcerer's hands start to glow.
The deep elf death mage beckons forth restless souls!
Unknown command.
You feel better. The liquid fire burns you!
* * * LOW HITPOINT WARNING * * *
Your surroundings suddenly seem different. 2 deep elf death magi, a deep elf annihilator and a deep elf pyromancer come into view.
The deep elf pyromancer is wielding the +8 rapier of the Living Dead {freeze, Will+ MP+9 Dex+3} and carrying a wand of paralysis.
The deep elf death mage shouts!
The deep elf elementalist shouts!
The deep elf death mage shouts!
The deep elf pyromancer zaps a wand.
You resist with almost no effort.
The deep elf death mage beckons forth restless souls!
The deep elf annihilator gestures at you while chanting.
The iron shot hits you!!!
You die...

........eo.e..ee
.....###.###....
... ##.....## .
. ###.......###
#....e.)....#
#......e....#
#.....**....#
#...........#
#....e.e..@.#
#...........#
###..e....###
##.....##
###.### #.# #.#
#.# #.#


You could see 2 deep elf death magi, a deep elf annihilator, a deep elf
elementalist (repels missiles), a deep elf pyromancer and 2 lost souls.

Vanquished Creatures
  Gastronok (Lair:1)
  A deep elf sorcerer (Elf:1)
  A deep elf demonologist (Elf:1)
  A dire elephant (Lair:5)
  A deep elf annihilator (Elf:1)
  Nessos (D:14)
  Azrael (D:14)
  2 ice dragons
  A great orb of eyes (D:10)
  3 vault guards
  2 hydras
  2 rakshasas (D:15)
  4 catoblepae
  4 centaur warriors
  11 dancing weapons
  5 two-headed ogres
  3 boulder beetles
  A tengu warrior (D:13)
  An occultist (D:15)
  9 deep elf knights
  Amaemon (Lair:1)
  3 skysharks
  A goliath frog (Swamp:1)
  4 spriggan druids
  A sea snake (shapeshifter) (Elf:3)
  A pharaoh ant (Lair:2)
  2 swamp dragons
  13 deep elf archers
  A wolf spider zombie (D:15)
  2 orc knights
  14 deep elf pyromancers
  3 orc sorcerers
  A lindwurm (Lair:5)
  19 ugly things
  A necromancer (D:15)
  3 manticores
  18 deep elf zephyrmancers
  3 wolf spiders (Lair:5)
  4 cyclopes
  2 centaur zombies (D:15)
  9 meliai
  14 elephants
  An orange demon (Lair:1)
  5 black mambas
  A kobold blastminer (Orc:1)
  2 gargoyles
  Maggie (D:8)
  A kobold demonologist (D:14)
  Jeremiah (D:7)
  8 cane toads
  10 rime drakes
  4 yaktaurs
  A tengu conjurer (D:13)
  10 komodo dragons
  4 trolls
  A polar bear (shapeshifter) (Elf:2)
  2 polar bears
  Prince Ribbit (D:7)
  8 blink frogs
  A harpy skeleton (D:15)
  2 hornets
  A meliai zombie (D:15)
  15 slime creatures
  3 air elementals (Elf:3)
  A wraith (D:12)
  3 spriggans (shapeshifter)
  3 humans (Bailey)
  58 yaks
  A shadow (D:9)
  5 wyverns
  9 vampire mosquitoes
  5 steam dragons
  3 basilisks
  3 wargs
  8 fire elementals
  A redback (Lair:2)
  An acid dragon (Lair:5)
  Menkaure (D:6)
  15 water moccasins
  10 black bears
  7 sky beasts
  11 orc warriors
  3 ice beasts
  28 wolves
  5 ogres
  4 centaurs
  2 brain worms (Sewer)
  20 bullfrogs
  7 kobold brigands
  Blork the orc (D:6)
  A brain worm (shapeshifter) (Elf:1)
  3 earth elementals
  3 gnoll sergeants
  6 scorpions
  9 wights
  5 killer bees (D:7)
  6 howler monkeys
  3 jellies
  5 hounds
  Crazy Yiuf (D:6)
  6 orc priests
  3 gnoll boudas
  7 iguanas
  7 hell rats (Lair:1)
  14 orc wizards
  16 gnolls
  4 river rats (Sewer)
  15 adders
  2 shadow imps
  2 white imps
  2 ufetubi (D:6)
  4 dart slugs
  5 ribbon worms
  32 orcs
  6 ball pythons
  A bat (D:2)
  8 endoplasms
  2 giant cockroaches (D:3)
  17 goblins
  8 hobgoblins
  5 jackals
  6 quokkas
  7 frilled lizards
  29 kobolds
  6 rats
729 creatures vanquished.

Vanquished Creatures (collateral kills)
  3 hydras
  Urug (Lair:3)
  An orc high priest (Orc:2)
  A skyshark (shapeshifter) (Elf:2)
  An arcanist (D:15)
  A deep elf archer (Elf:2)
  2 orc knights (Orc:2)
  A cyclops (D:15)
  A deep elf pyromancer (Elf:2)
  2 deep elf zephyrmancers (Elf:2)
  Maurice (Orc:2)
  An elephant (Lair:3)
  A komodo dragon (Lair:4)
  4 cane toads
  A rime drake (Lair:5)
  A polar bear (Lair:5)
  A troll (D:11)
  A blink frog (Lair:5)
  A slime creature (Lair:5)
  8 yaks
  A water elemental (Elf:2)
  2 vampire mosquitoes (D:11)
  A basilisk (Lair:5)
  3 acid dragons
  A water moccasin (Lair:5)
  2 orc warriors (Orc:2)
  A swamp drake (D:10)
  A wolf (Lair:3)
  An ogre (D:15)
  A howler monkey (D:11)
  A jelly (Lair:5)
  2 orc priests
  2 iguanas (Lair:5)
  A gnoll (D:11)
  8 orcs
  A kobold (D:10)
63 creatures vanquished.

Vanquished Creatures (others)
  An orc warlord (Lair:5)
  A deep elf knight (Elf:1)
  3 orc knights
  An orc sorcerer (Orc:2)
  A bloated husk (Swamp:1)
  8 orc warriors
  10 orc wizards
  A black bear (Lair:2)
  12 orc priests
  19 orcs
57 creatures vanquished.

Grand Total: 849 creatures vanquished

Notes
Turn   | Place    | Note
-------+----------+-------------------------------------------
     0 | D:1      | pazhot the Hill Orc Fighter began the quest for the Orb.
     0 | D:1      | Reached XP level 1. HP: 19/19 MP: 1/1
   153 | D:1      | Reached XP level 2. HP: 27/27 MP: 2/2
   518 | D:1      | Reached skill level 3 in Axes
   641 | D:1      | Found a faded altar of an unknown god.
  1034 | D:2      | Reached XP level 3. HP: 29/33 MP: 3/3
  1302 | D:2      | Reached XP level 4. HP: 41/41 MP: 4/4
  1689 | D:3      | Reached skill level 4 in Axes
  2112 | D:3      | Noticed an ice beast
  2128 | D:3      | Killed an ice beast
  2129 | D:3      | Reached skill level 5 in Fighting
  2129 | D:3      | Reached skill level 5 in Axes
  2129 | D:3      | Reached XP level 5. HP: 31/48 MP: 5/5
  2306 | D:3      | Found a glowing drain.
  2315 | Sewer    | Entered a sewer
  2384 | Sewer    | Reached skill level 6 in Axes
  2384 | Sewer    | Reached XP level 6. HP: 37/56 MP: 6/6
  3244 | D:3      | Identified a scroll of acquirement
  3244 | D:3      | Acquired the +3 Mad Mage's Maulers {Infuse+∞ VampMP -Cast}
  3244 | D:3      | Found the +3 Mad Mage's Maulers {Infuse+∞ VampMP -Cast}
  3274 | D:3      | Reached skill level 16 in Axes
  3274 | D:3      | Reached XP level 7. HP: 61/61 MP: 7/7
  3275 | D:3      | Gained mutation: You have large cloven feet. [potion of
                  | mutation]
  3275 | D:3      | Gained mutation: You are partially covered in iridescent
                  | scales. (AC +2) [potion of mutation]
  3275 | D:3      | Gained mutation: You are weak. (Str -2) [potion of
                  | mutation]
  3504 | D:4      | Found a staircase to the Ecumenical Temple.
  3557 | D:4      | Reached XP level 8. HP: 65/68 MP: 1/8
  3697 | D:4      | Reached skill level 1 in Dodging
  4349 | D:5      | Entered Level 5 of the Dungeon
  4413 | D:5      | Reached skill level 17 in Axes
  4939 | D:5      | Reached XP level 9. HP: 54/75 MP: 0/9
  5591 | D:5      | Reached skill level 5 in Armour
  6055 | D:6      | Noticed Menkaure
  6059 | D:6      | Killed Menkaure
  6097 | D:6      | Reached skill level 5 in Shields
  6317 | D:6      | Found a runed translucent door.
  6318 | D:6      | Noticed Crazy Yiuf
  6368 | D:6      | Noticed Blork the orc
  6372 | D:6      | Killed Blork the orc
  6664 | D:6      | Reached skill level 1 in Stealth
  6939 | D:6      | Killed Crazy Yiuf
  7005 | D:7      | Noticed Prince Ribbit
  7010 | D:7      | Killed Prince Ribbit
  7011 | D:7      | Reached XP level 10. HP: 80/86 MP: 2/10
  7412 | D:7      | Found a flagged portal.
  7427 | Bailey   | Entered a bailey
  7661 | Bailey   | Noticed a vault guard
  7672 | Bailey   | Killed a vault guard
  7673 | Bailey   | Reached skill level 18 in Axes
  7705 | Bailey   | Lost mutation: You are weak. (Str -2) [potion of mutation]
  7705 | Bailey   | Lost mutation: You have large cloven feet. [potion of
                  | mutation]
  7705 | Bailey   | Lost mutation: You are partially covered in iridescent
                  | scales. (AC +2) [potion of mutation]
  7705 | Bailey   | Gained mutation: You have supernaturally acute eyesight.
                  | (SInv) [potion of mutation]
  7705 | Bailey   | Gained mutation: You are agile. (Dex +4, Str/Int -1)
                  | [potion of mutation]
  7705 | Bailey   | Gained mutation: Your spells are a little harder to cast,
                  | but a little more powerful. [potion of mutation]
  7730 | Bailey   | Noticed a vault guard
  7739 | Bailey   | Killed a vault guard
  8090 | D:7      | Noticed Jeremiah
  8109 | D:7      | Killed Jeremiah
  8110 | D:7      | Reached XP level 11. HP: 43/94 MP: 0/11
  8600 | D:7      | Noticed a manticore
  8601 | D:7      | Noticed a cyclops
  8958 | D:7      | Became a worshipper of Beogh the Brigand
  9870 | D:8      | Found a snail-covered altar of Cheibriados.
 10015 | D:8      | Noticed Maggie
 10027 | D:8      | Killed Maggie
 10168 | D:8      | Reached * piety under Beogh
 11005 | D:9      | Found an opulent altar of Gozag.
 11110 | D:9      | Reached skill level 1 in Throwing
 11263 | D:9      | Reached ** piety under Beogh
 11523 | D:9      | Found a hazy altar of Hepliaklqana.
 11601 | D:10     | Entered Level 10 of the Dungeon
 11601 | D:10     | Noticed a two-headed ogre
 11601 | D:10     | Found a blossoming altar of Fedhas.
 11613 | D:10     | Killed a two-headed ogre
 11740 | D:10     | Noticed a two-headed ogre
 11748 | D:10     | Killed a two-headed ogre
 11862 | D:10     | Found a staircase to the Lair.
 11864 | D:10     | Noticed a two-headed ogre
 11868 | D:10     | Reached skill level 19 in Axes
 11869 | D:10     | Reached skill level 10 in Fighting
 11882 | D:10     | Killed a two-headed ogre
 11890 | D:10     | Reached XP level 12. HP: 103/106 MP: 4/12
 11963 | D:10     | Found a staircase to the Orcish Mines.
 12041 | D:10     | Reached *** piety under Beogh
 12485 | D:10     | Identified the +6 chain mail of the Carpenter {^Contam Harm
                  | Fly rF-}
 12567 | D:10     | Noticed a great orb of eyes
 12571 | D:10     | Killed a great orb of eyes
 12604 | D:10     | Noticed a five-headed hydra
 12610 | D:10     | Killed a six-headed hydra
 12724 | D:10     | Found a sacrificial altar of Ru.
 14001 | D:12     | Reached **** piety under Beogh
 14663 | D:12     | Noticed a two-headed ogre
 14679 | D:12     | Killed a two-headed ogre
 14900 | D:12     | Found a glowing silver altar of Zin.
 14900 | D:12     | Noticed an angel
 15034 | D:13     | Noticed a tengu warrior
 15086 | D:13     | Killed a tengu warrior
 15087 | D:13     | Reached XP level 13. HP: 26/116 MP: 7/13
 15739 | D:13     | Identified the +2 robe "Ceriboe" {Will+ Regen+}
 15760 | D:13     | Found Umuxtooq's Assorted Antiques.
 15904 | D:13     | Identified the +4 ring mail of the Doldrums {*Corrode
                  | ^Drain Regen+ Dex+6}
 15945 | D:13     | Identified the +1 ring mail of Qetomi Extu {Int-5 Dex+4
                  | SInv}
 15949 | D:13     | Reached skill level 20 in Axes
 15949 | D:13     | Reached skill level 5 in Dodging
 16514 | Temple   | Entered the Ecumenical Temple
 16802 | D:14     | Upgraded the game from 0.32-a0-128-g77eb882913 to
                  | 0.32-a0-131-g9dbbe29261
 16861 | D:14     | Noticed Roxanne
 17114 | D:14     | Found a gate to the Vaults.
 17114 | D:14     | Noticed a vault guard
 17127 | D:14     | Killed a vault guard
 17170 | D:14     | Noticed Azrael
 17170 | D:14     | You fall into a shaft and drop 1 floor!
 17170 | D:15     | Entered Level 15 of the Dungeon
 17228 | D:14     | Found Renyhoc's Weapon Emporium.
 17378 | D:14     | Noticed Nessos
 17382 | D:14     | Killed Nessos
 17459 | D:14     | Killed Azrael
 17489 | D:14     | Noticed an ice dragon
 17883 | D:14     | Killed an ice dragon
 18175 | D:14     | Reached ***** piety under Beogh
 18623 | D:15     | Reached XP level 14. HP: 108/129 MP: 1/14
 18636 | D:15     | Gained Borgun as an ally
 18641 | D:15     | Your ally Borgun died
 19395 | D:15     | Reached skill level 21 in Axes
 21035 | D:15     | Found a staircase to the Depths.
 21639 | Lair:1   | Entered Level 1 of the Lair of Beasts
 21889 | Lair:1   | Noticed Amaemon
 21900 | Lair:1   | Reached skill level 5 in Stealth
 21932 | Lair:1   | Killed Amaemon
 22426 | Lair:1   | Noticed Gastronok
 22445 | Lair:1   | Killed Gastronok
 22993 | Lair:1   | Reached ****** piety under Beogh
 23352 | Lair:2   | Found a hole to the Spider Nest.
 23361 | Lair:2   | Reached skill level 22 in Axes
 23361 | Lair:2   | Reached XP level 15. HP: 100/136 MP: 2/15
 23378 | Lair:2   | Reached skill level 10 in Shields
 23390 | Lair:2   | Reached skill level 15 in Fighting
 23896 | Lair:2   | Gained Oreg as an ally
 24260 | Lair:2   | Identified the amulet "Gama" {Reflect rN+ Dex+3 SH+5}
 24865 | Lair:3   | Gained Orkrul as an ally
 24913 | Lair:3   | Noticed Urug
 24920 | Lair:3   | Killed Urug
 25183 | Lair:3   | Identified the +7 quarterstaff "Onopash" {freeze, Str+4}
 25637 | Lair:3   | Found a staircase to the Swamp.
 26126 | Lair:4   | Reached skill level 10 in Armour
 26870 | Lair:4   | Identified the +9 broad axe "Panusaul" {flame, rF+ Str+3}
 27069 | Lair:5   | Entered Level 5 of the Lair of Beasts
 29427 | Lair:5   | Found a staircase to the Slime Pits.
 29673 | Lair:5   | Reached XP level 16. HP: 89/152 MP: 4/16
 29696 | Lair:5   | Your ally Orkrul died
 30519 | Lair:5   | Identified the +3 ring mail "Padud" {rC++ Int+2 Dex-2
                  | Stlth+}
 30792 | Swamp:1  | Entered Level 1 of the Swamp
 31178 | Orc:1    | Entered Level 1 of the Orcish Mines
 31226 | Orc:1    | Reached skill level 23 in Axes
 31509 | Orc:2    | Entered Level 2 of the Orcish Mines
 31587 | Orc:2    | Gained Arbolt as an ally
 31604 | Orc:2    | Found a roughly hewn altar of Beogh.
 31605 | Orc:2    | Gained Urtork as an ally
 31813 | Orc:2    | Found Arhed's General Store.
 31891 | Orc:2    | Found a roughly hewn altar of Beogh.
 31960 | Orc:2    | Found a staircase to the Elven Halls.
 32013 | Orc:2    | Found Xofajinkeu's Antique Armour Shop.
 32056 | Orc:2    | Found Naiseihe's Jewellery Shop.
 32112 | Orc:2    | Noticed Maurice
 32128 | Orc:2    | Killed Maurice
 32196 | Orc:2    | Found Hiahy's Antique Weapon Shop.
 32220 | Elf:1    | Entered Level 1 of the Elven Halls
 33648 | Elf:1    | Found a huge runed translucent gate.
 33648 | Elf:1    | Found a huge runed translucent gate.
 33649 | Elf:1    | Found a huge runed translucent gate.
 33650 | Elf:1    | Found a huge runed translucent gate.
 33650 | Elf:1    | Found a huge runed translucent gate.
 33650 | Elf:1    | Found a huge runed translucent gate.
 33650 | Elf:1    | Found a huge runed translucent gate.
 33650 | Elf:1    | Found a huge runed translucent gate.
 33650 | Elf:1    | Found a huge runed translucent gate.
 33650 | Elf:1    | Found a huge runed translucent gate.
 33650 | Elf:1    | Found a huge runed translucent gate.
 33651 | Elf:1    | Found a huge runed translucent gate.
 33651 | Elf:1    | Found a huge runed translucent gate.
 33651 | Elf:1    | Found a huge runed translucent gate.
 33651 | Elf:1    | Found a huge runed translucent gate.
 33651 | Elf:1    | Found a huge runed translucent gate.
 33651 | Elf:1    | Found a huge runed translucent gate.
 33654 | Elf:1    | Found a huge runed translucent gate.
 33654 | Elf:1    | Found a huge runed translucent gate.
 33654 | Elf:1    | Found a huge runed translucent gate.
 35122 | Elf:1    | Noticed a deep elf blademaster
 36127 | Elf:2    | Found Osykiu Xopi's Distillery.
 36188 | Elf:2    | Gained Morun as an ally
 36278 | Elf:2    | Identified the +3 dagger "Liniack" {freeze, rPois rN+
                  | Str+5}
 36482 | Elf:2    | Reached XP level 17. HP: 135/162 MP: 5/17
 37424 | Elf:2    | Found a runed translucent gate.
 37425 | Elf:2    | Found a runed translucent gate.
 37425 | Elf:2    | Found a runed translucent gate.
 37835 | Elf:3    | Entered Level 3 of the Elven Halls
 37865 | Elf:3    | Noticed an Executioner
 37872 | Elf:3    | Your ally Morun died
 38636 | Elf:3    | Paralysed by an air elemental for 1 turns
 38769 | Elf:3    | Paralysed by an air elemental for 1 turns
 38772 | Elf:3    | Paralysed by an air elemental for 1 turns
 38782 | Elf:3    | Reached skill level 24 in Axes
 39022 | Elf:3    | Identified the +8 rapier of the Living Dead {freeze, Will+
                  | MP+9 Dex+3}
 39022 | Elf:3    | Killed from afar by a deep elf annihilator

Illustrated notes

Levels and vault maps discovered:
D:1:      mainiacjoe_arrival_oval_in_oval, layout_basic,
          shapermc_ecumenical_altar_mp_urbaneastern
D:2:      layout_loops_cross
D:3:      layout_rooms, gup_sewer_entry_bowl
D:4:      layout_rooms, minmay_temple_entry_poolview
D:5:      minmay_thinvault, layout_basic, minmay_misc_feat_enclosed,
          eino_small_chamber_without_monster, st_stairs_5, grunt_ministairs_7
D:6:      layout_loops_ring, minmay_puff, uniq_blork_the_orc, uniq_menkaure,
          uniq_crazy_yiuf_cottage
D:7:      minmay_recursive_quarters, layout_basic, enter_bailey_5,
          minmay_crystal_water, lightli_corner_chamber, uniq_prince_ribbit1,
          uniq_jeremiah
D:8:      layout_basic, kennysheep_mini_moat, uniq_maggie
D:9:      layout_cave_pools, nicolae_gozag_seed_capital,
          nicolae_hepliaklqana_hippocampus
D:10:     layout_loops_ring, fedhas_altar_2, nicolae_overflow_crystal_walls,
          due_lair_maze_entry_diamond, erik_orc_1, minmay_three_doors
D:11:     layout_stronghold, gauntlet_entry_generic
D:12:     layout_roguey, minmay_splitting_lines, zin_angel
D:13:     layout_long_grid, serial_shops, nicolae_shop_real_fake_doors,
          nicolae_two_hexagons
D:14:     layout_layer_cave, erik_vaults_1, chequers_decorated_corner,
          serial_shops, nicolae_shop_stone, uniq_roxanne, uniq_azrael,
          uniq_nessos
D:15:     grunt_enter_depths_magical_seal, layout_rooms, minmay_strange_pillars,
          grunt_ministairs_4
Temple:   sentei_temple_godly_chess
Lair:1:   layout_layer_cave, serial_bayou_shore_b, uniq_gastronok, uniq_amaemon
Lair:2:   layout_loops_ring, nicolae_spider_entry_lesser_pyramids,
          grunt_forest_large_clearings
Lair:3:   layout_chaotic_city, mainiacjoe_swamp_entry_angry_trees,
          infiniplex_staircase_pool_2, uniq_urug
Lair:4:   layout_hall_layers
Lair:5:   hangedman_lair_in_review, layout_concentric_octagons,
          guppyfry_lair_end_dragon, minmay_slime_entry_pillars,
          serial_bayou_pond_c
Swamp:1:  layout_falls_marsh, evilmike_swamp_ruin_rubble_2
Orc:1:    layout_caves, lightli_orcish_oven
Orc:2:    grunt_orc_cross, layout_caves, mines1_david, uniq_maurice
Elf:1:    layout_geoelf_grid, hangedman_elf_represent
Elf:2:    nicolae_elf_blades_crystal_corner, layout_onion_city, serial_shops,
          nicolae_shop_competitors_out_of_business, kilobyte_rumbling_trees
Elf:3:    minmay_elf_hall_hex, layout_geoelf_diagonals, basic_altar

Skill      XL: |  1  2  3  4  5  6  7  8  9 10 11 12 13 14 15 16 17 |
---------------+----------------------------------------------------+-----
Fighting       | 4 5 6 7 8 10 11 13 14 16 17 | 17.6
Axes           | 3 5 6 16 17 18 19 20 22 23 24 | 24.0
Armour         | 4 5 6 7 8 9 10 | 10.9
Shields        | 4 5 6 8 9 11 12 | 12.2
Dodging        | 1 2 3 4 5 6 7 8 |  8.5
Stealth        | 1 3 4 5 6 |  6.0
Throwing       | 1 2 3 4 |  4.8
Evocations     | |  0.8

Action                     |  1- 3 |  4- 6 |  7- 9 | 10-12 | 13-15 | 16-18 || total
---------------------------+-------+-------+-------+-------+-------+-------++-------
  Melee: War axe           |    77 |   142 |   146 |   462 |       |       ||   827
         Kick              |       |       |    15 |       |       |       ||    15
         Broad axe         |       |       |       |    11 |   754 |   280 ||  1045
  Throw: Throwing net      |       |     1 |       |     6 |     1 |       ||     8
         Dart              |       |       |     3 |     5 |    15 |    30 ||    53
         Boomerang         |       |       |       |     3 |       |       ||     3
 Invoke: Convert to Beogh  |       |       |       |     1 |       |       ||     1
  Evoke: Wand              |       |       |       |     1 |     3 |     2 ||     6
    Use: Scroll            |     2 |    12 |     6 |     8 |    10 |     6 ||    44
         Potion            |       |     5 |     3 |     9 |     6 |     7 ||    30
   Stab: Held in net/web   |       |       |       |     1 |     1 |       ||     2
         Distracted        |       |       |       |     1 |     3 |     2 ||     6
         Sleeping          |       |       |       |       |     5 |     2 ||     7
         Petrified         |       |       |       |       |     2 |       ||     2
         Confused          |       |       |       |       |       |     1 ||     1
 Armour: Scale mail        |    52 |    60 |       |       |       |       ||   112
         Chain mail        |       |     7 |    43 |       |       |       ||    50
         Quicksilver drago |       |       |    14 |   197 |   374 |   243 ||   828
  Dodge: Dodged            |    26 |    97 |    59 |   275 |   493 |   247 ||  1197
  Block: Buckler           |    13 |    39 |    24 |   145 |   228 |    91 ||   540

Table legend: (Time is in decaauts)
 A = Elapsed time spent in this place.
 B = Non-inter-level travel time spent in this place.
 C = Inter-level travel time spent in this place.
 D = Time resting spent in this place.
 E = Time spent auto-exploring this place.
 F = Levels seen in this place.
 G = Mean time per level.
                   A        B        C        D        E       F      G
               +--------+--------+--------+--------+--------+-----+--------+
         Total |  38730 |  35372 |   3358 |  10763 |  17457 |  29 | 1335.5 |
       Dungeon |  20785 |  18232 |   2553 |   4014 |  10114 |  15 | 1385.7 |
        Temple |     16 |      9 |      7 |      0 |      0 |   1 |   16.0 |
          Lair |   9343 |   8934 |    409 |   3214 |   4185 |   5 | 1868.6 |
         Swamp |     13 |     13 |      0 |      0 |      0 |   1 |   13.0 |
  Orcish Mines |   1128 |    964 |    164 |    192 |    593 |   2 |  564.0 |
   Elven Halls |   6284 |   6062 |    222 |   3012 |   2183 |   3 | 2094.7 |
         Sewer |    815 |    815 |      0 |    320 |    214 |   1 |  815.0 |
        Bailey |    342 |    342 |      0 |     11 |    167 |   1 |  342.0 |
               +--------+--------+--------+--------+--------+-----+--------+

Top non-repeatable levels by time:
  Lair:5: 3625 daAuts
   Elf:1: 3293 daAuts
    D:15: 2716 daAuts
     D:7: 2412 daAuts
   Elf:2: 1814 daAuts
     D:5: 1659 daAuts
    D:13: 1645 daAuts
  Lair:3: 1634 daAuts
  Lair:1: 1574 daAuts
  Lair:2: 1565 daAuts
    D:14: 1532 daAuts
    D:10: 1485 daAuts
     D:8: 1250 daAuts
    D:12: 1240 daAuts
     D:6: 1211 daAuts
